 Dungeon Crawl Stone Soup version 0.30.1-3-gfc49f6343a (webtiles) character file.

Game seed: 11507512650317261794

3196 spardeous the Placeless Demigod (level 9, -2/62 HPs)
             Began as a Demigod Conjurer on Aug 2, 2023.
             Slain by Wiggles's ghost (5 damage)
             ... on level 5 of the Dungeon.
             The game lasted 00:09:36 (9174 turns).

spardeous the Placeless Demigod (Demigod Conjurer)  Turns: 9174, Time: 00:09:37

Health: -2/62      AC: 10    Str:  7    XL:     9   Next: 38%
Magic:  2/23       EV: 10    Int: 31    God:
Gold:   302        SH:  0    Dex: 16    Spells: 10/21 levels left

rFire   + . .        G - +5 long sword (holy)
rCold   . . .        (no shield)
rNeg    + . .        x - +3 ring mail {rF+}
rPois   .            (no helmet)
rElec   .            (no cloak)
rCorr   .            (no gloves)
SInv    .            y - +1 pair of boots
Will    .....        (no amulet)
Stlth   +            l - ring of positive energy
HPRegen 0.30/turn    (no ring)
MPRegen 0.18/turn

%: clarity
@: very slightly contaminated
A: high MP 1, forlorn, divine attributes, agile 1, clarity, no potion heal 1
a: no special abilities


You were on level 5 of the Dungeon.
You visited 1 branch of the dungeon, and saw 6 of its levels.

You collected 302 gold pieces.

Inventory:

Hand Weapons
 C - a +4 rapier of holy wrath
 G - a +5 long sword of holy wrath (weapon)
Armour
 a - a +0 robe
 u - a +0 scale mail
 x - a +3 ring mail of fire resistance (worn)
 y - a +1 pair of boots (worn)
 D - a +2 leather armour of cold resistance
 H - +0 steam dragon scales
 K - a +0 buckler
Jewellery
 d - an amulet of guardian spirit
 l - a ring of positive energy (left hand)
 J - a ring of positive energy
Wands
 v - a wand of flame (17)
Scrolls
 c - 2 scrolls of teleportation {unknown}
 e - 7 scrolls of identify {unknown}
 g - 2 scrolls of vulnerability {unknown}
 m - 3 scrolls of brand weapon {unknown}
 n - 2 scrolls of blinking {unknown}
 o - a scroll of silence {unknown}
 q - a scroll of noise {unknown}
 t - 3 scrolls of enchant armour {unknown}
 E - a scroll of magic mapping {unknown}
 F - a scroll of amnesia {unknown}
 I - a scroll of enchant weapon {unknown}
Potions
 b - 2 potions of magic
 f - 2 potions of might {unknown}
 h - a potion of flight {unknown}
 i - a potion of attraction {unknown}
 j - 2 potions of heal wounds {unknown}
 k - 2 potions of mutation
 p - a potion of resistance {unknown}
 r - a potion of brilliance {unknown}
 s - a potion of curing {unknown}
 w - a potion of ambrosia {unknown}
 z - 3 potions of degeneration {unknown}
 A - 2 potions of berserk rage {unknown}
 B - a potion of haste {unknown}


   Skills:
 - Level 1.7 Dodging
 - Level 1.7 Stealth
 + Level 6.8 Spellcasting
 - Level 7.1 Conjurations
 * Level 8.1 Translocations


You had 10 spell levels left.
You knew the following spells:

 Your Spells              Type           Power      Damage    Failure   Level
a - Magic Dart            Conj           100%       1d8       1%          1
b - Searing Ray           Conj           100%       2d8       1%          2
c - Iskenderun's Mystic   Conj/Tloc      55%        2d12      7%          4
d - Petrify               Tmut/Erth      10%        N/A       85%         4

Your spell library contained the following spells:

 Spells                   Type           Power      Damage    Failure   Level
 Volatile Blastmotes      Fire/Tloc      70%        2d15      9%          3
 Dazzling Flash           Conj/Hex       64%        N/A       11%         3
 Ensorcelled Hibernation  Hex/Ice        20%        N/A       24%         2
 Sublimation of Blood     Necr           10%        N/A       24%         2
 Fulminant Prism          Conj/Hex       16%        3d10      36%         4
 Spider Form              Tmut/Pois      10%        N/A       43%         3
 Irradiate                Conj/Tmut      16%        3d17      71%         5
 Anguish                  Hex/Necr       5%         N/A       85%         4
 Lee's Rapid Deconstruct  Erth           5%         3d6*      99%         5


Dungeon Overview and Level Annotations

Branches:
Dungeon (6/15)             Temple (0/1) D:5

Portals:
Abyss: D:5

Annotations:
D:2 1 runed translucent door, Crazy Yiuf
D:5 1 transporter, Wiggles's ghost, novice MiBe


Innate Abilities, Weirdness & Mutations

You have an increased reservoir of magic. (+10% MP)
You shall have no god before yourself.
Your divine heritage dramatically boosts your attributes as you level up.
You are agile. (Dex +4, Str/Int -1)
You possess an exceptional clarity of mind.
Potions are less effective at restoring your health.


Message History

Aim: Wiggles's ghost, wielding a heavy weapon (lightly damaged, 90% to hit)
The searing ray hits the small abomination!
The small abomination is severely damaged.
The searing ray hits Wiggles's ghost.
Wiggles's ghost is lightly damaged. (Press . to maintain the ray.)
The small abomination hits you! x2
* * * LOW HITPOINT WARNING * * *
You take 31 damage, and have 17/62 hp.
MASSIVE DAMAGE!!
You now have 13/23 mp.
Casting: Searing Ray (safe; 1% risk of failure)
Confirm with . or Enter, or press ? or * to list all spells.
You erupt in a blast of force!
The mystic blast hits Wiggles's ghost.
Wiggles's ghost is lightly damaged.
Wiggles's ghost is knocked back by the mystic blast.
The mystic blast hits the small abomination.
The small abomination is severely damaged.
You hear a shout!
The small abomination hits you!
* * * LOW HITPOINT WARNING * * *
You take 15 damage, and have 2/62 hp.
MASSIVE DAMAGE!!
You now have 9/23 mp.
Casting: Iskenderun's Mystic Blast (dangerous; 5% risk of failure)
Confirm with . or Enter, or press ? or * to list all spells.
You erupt in a blast of force!
The mystic blast hits Wiggles's ghost.
Wiggles's ghost is moderately damaged.
Wiggles's ghost is knocked back by the mystic blast.
The mystic blast hits the small abomination.
The small abomination is almost destroyed.
The small abomination is knocked back by the mystic blast.
You now have 5/23 mp.
It was a potion of mutation.
You feel extremely strange.
Your thoughts seem clearer.
Your system partially rejects the healing effects of potions.
You feel agile.
Okay, then.
Casting: Iskenderun's Mystic Blast (dangerous; 7% risk of failure)
Confirm with . or Enter, or press ? or * to list all spells.
You miscast Iskenderun's Mystic Blast.
You are very lightly contaminated with residual magic.
Nothing appears to happen.
Wiggles's ghost hits you.
You die...

....#
#....#..#..##...###.# ##..
....#
#....#..#.#.##....#..##...
....# #....#..##
..###©##.. #... ...##
#........###...###.^#.##..
...# #...#......#©.^.?.
#...#.. .###
######....##....##^##.##..
## #...##g.x...##..##... #
###..##.#:####.##.#.... #
##....#@#.W#..## ..##...
#.....##W###...###g.#...
#......###.......####...
#.......................
#.......................
###............#..###..###
#####.................#
##.§..
####...................###
##§#.
............>..........#
##§§§#


You could see Wiggles's ghost and a gnoll.

Vanquished Creatures
  Maggie (D:6)
  Grinder (D:4)
  Prince Ribbit (D:6)
  Eustachio (D:5)
  Edmund (D:4)
  A water moccasin (D:5)
  An orc warrior (D:6)
  A sky beast (D:6)
  A black bear (D:6)
  3 ogres
  A centaur (D:5)
  A phantom (D:5)
  A small abomination (D:5)
  A bullfrog (D:6)
  Blork the orc (D:6)
  4 scorpions
  8 wights (D:6)
  A howler monkey (D:4)
  3 hounds
  3 jellies
  An orc priest (D:6)
  2 iguanas
  A sleepcap (D:5)
  An orc wizard (D:6)
  3 gnolls (D:2)
  14 adders
  A shadow imp (D:6)
  A white imp (D:5)
  2 ufetubi
  2 worms
  A dart slug (D:2)
  7 orcs
  8 ball pythons
  8 endoplasms
  5 giant cockroaches
  8 hobgoblins
  5 jackals
  5 kobolds
  4 quokkas (D:1)
  5 bats
  9 frilled lizards
  9 goblins
  A rat (D:3)
139 creatures vanquished.

Notes
Turn   | Place    | Note
-------+----------+-------------------------------------------
     0 | D:1      | spardeous the Demigod Conjurer began the quest for the Orb.
     0 | D:1      | Reached XP level 1. HP: 14/14 MP: 5/5
   398 | D:1      | Reached XP level 2. HP: 20/20 MP: 4/7
  1218 | D:1      | Reached XP level 3. HP: 26/26 MP: 6/9
  1656 | D:2      | Learned a level 2 spell: Searing Ray
  2268 | D:2      | Found a runed translucent door.
  2269 | D:2      | Noticed Crazy Yiuf
  2440 | D:2      | Reached XP level 4. HP: 33/33 MP: 3/10
  2996 | D:3      | Reached skill level 5 in Conjurations
  3643 | D:3      | You fall into a shaft and drop 1 floor!
  3677 | D:4      | Noticed Grinder
  3689 | D:4      | Paralysed by Grinder for 3 turns
  3693 | D:4      | Killed Grinder
  3694 | D:4      | Reached XP level 5. HP: 28/38 MP: 3/13
  3694 | D:4      | Reached XP level 6. HP: 33/45 MP: 3/14
  4109 | D:4      | Noticed Edmund
  4120 | D:4      | Killed Edmund
  4518 | D:4      | Reached XP level 7. HP: 43/50 MP: 8/16
  4585 | D:4      | Learned a level 4 spell: Iskenderun's Mystic Blast
  4590 | D:4      | Learned a level 4 spell: Petrify
  4862 | D:4      | Reached skill level 1 in Translocations
  5186 | D:4      | Reached skill level 2 in Translocations
  5685 | D:5      | Entered Level 5 of the Dungeon
  5777 | D:5      | Reached skill level 3 in Translocations
  5840 | D:5      | Found a transporter.
  5842 | D:5      | Found a one-way gate to the infinite horrors of the Abyss.
  5842 | D:5      | Noticed Wiggles's ghost (novice MiBe)
  6326 | D:5      | Noticed Eustachio
  6347 | D:5      | Killed Eustachio
  6348 | D:5      | Reached skill level 5 in Spellcasting
  6348 | D:5      | Reached skill level 4 in Translocations
  6348 | D:5      | Reached XP level 8. HP: 45/57 MP: 5/19
  6482 | D:5      | Found a staircase to the Ecumenical Temple.
  6805 | D:5      | Found a transporter.
  7243 | D:6      | Reached skill level 5 in Translocations
  7656 | D:6      | Reached skill level 6 in Translocations
  7975 | D:6      | Reached XP level 9. HP: 62/62 MP: 13/22
  8035 | D:6      | Noticed Blork the orc
  8047 | D:6      | Killed Blork the orc
  8048 | D:6      | Reached skill level 7 in Translocations
  8197 | D:6      | Noticed Maggie
  8213 | D:6      | Killed Maggie
  8372 | D:6      | Noticed Prince Ribbit
  8377 | D:6      | Killed Prince Ribbit
  8529 | D:6      | Reached skill level 8 in Translocations
  9170 | D:5      | HP: 2/62 [small abomination (16)]
  9173 | D:5      | Gained mutation: You possess an exceptional clarity of
                  | mind. [potion of mutation]
  9173 | D:5      | Gained mutation: Potions are less effective at restoring
                  | your health. [potion of mutation]
  9173 | D:5      | Gained mutation: You are agile. (Dex +4, Str/Int -1)
                  | [potion of mutation]
  9174 | D:5      | Slain by Wiggles's ghost

Illustrated notes

Levels and vault maps discovered:
D:1:      eino_arrival_water_cross, layout_basic, minmay_misc_feat_alley,
          minmay_3d_cube
D:2:      layout_basic, serial_bayou_pond_a, uniq_crazy_yiuf_cottage
D:3:      minmay_inner_zag, layout_basic, hellmonk_ecumenical_altar_lost_god
D:4:      layout_basic, nemelex_diamond_rough_becter, uniq_edmund, uniq_grinder
D:5:      layout_cave_pods, grunt_dithmenos_smoke_and_mirrors,
          minmay_temple_entry_mist, gammafunk_ghost_abyssal_escape,
          uniq_eustachio
D:6:      layout_basic, serial_curves, eino_curves_01, eino_curves_03,
          minivault_5, uniq_blork_the_orc, uniq_prince_ribbit1, uniq_maggie

Skill      XL: |  1  2  3  4  5  6  7  8  9 |
---------------+----------------------------+-----
Spellcasting   | 2 3 4 5 6 |  6.8
Conjurations   | 4 6 7 |  7.1
Translocations | 4 6 8 |  8.1
Dodging        | |  1.7
Stealth        | |  1.7

Action                     |  1- 3 |  4- 6 |  7- 9 || total
---------------------------+-------+-------+-------++-------
  Melee: Unarmed           |     2 |       |       ||     2
         Short sword       |       |       |     1 ||     1
         Long sword        |       |       |     1 ||     1
   Cast: Magic Dart        |   103 |    63 |   128 ||   294
         Searing Ray       |     2 |     8 |    47 ||    57
         Iskenderun's Myst |       |       |     5 ||     5
    Use: Potion            |       |       |     1 ||     1
 Armour: Robe              |     2 |       |       ||     2
         Scale mail        |       |     2 |       ||     2
         Ring mail         |       |       |    30 ||    30
  Dodge: Dodged            |    15 |    12 |    48 ||    75
